 Dungeon Crawl Stone Soup version 0.29-a0-96-g93358da72b (webtiles) character file.

Game seed: 3035838864860037925

105 ytrimaz the Insei (level 4, -2/29 HPs)
             Began as an Octopode Transmuter on Feb 11, 2022.
             Slain by an orc wizard (5 damage)
             ... on level 3 of the Dungeon.
             The game lasted 00:03:02 (3214 turns).

ytrimaz the Insei (Octopode Transmuter)             Turns: 3214, Time: 00:03:03

Health: -2/29      AC:  1    Str:  9    XL:     4   Next: 81%
Magic:  4/8        EV: 13    Int: 17    God:
Gold:   103        SH:  0    Dex: 12    Spells: 3/9 levels left

rFire   . . .      SeeInvis .     - Unarmed
rCold   . . .      Faith    .   (no shield)
rNeg    . . .      Spirit   .   (helmet restricted)
rPois   .          Reflect  .   (no amulet)
rElec   .          Harm     .   (no ring)
rCorr   .          Rampage  .   (no ring)
Will    .....                   (no ring)
Stlth   ++........              (no ring)
HPRegen 0.09/turn               (no ring)
MPRegen 0.11/turn               (no ring)
                                (no ring)
                                (no ring)

@: about to teleport, hasted, very quick
A: almost no armour, amphibious, 8 rings, camouflage 1, gelatinous body 1,
(nimble swimmer 1), tentacles
a: no special abilities


You were on level 3 of the Dungeon.
You visited 1 branch of the dungeon, and saw 3 of its levels.

You collected 103 gold pieces.

Inventory:

Wands
 e - a wand of flame (15)
Scrolls
 b - a scroll of teleportation
 d - 2 scrolls of fog


   Skills:
 * Level 1.8 Fighting
 - Level 2.0 Dodging
 + Level 3.7 Unarmed Combat
 * Level 3.0 Spellcasting
 * Level 3.0 Transmutations


You had 3 spell levels left.
You knew the following spells:

 Your Spells              Type           Power      Damage    Failure   Level
a - Beastly Appendage     Tmut           24%        N/A       4%          1
b - Wereblood             Tmut           12%        N/A       8%          2
c - Spider Form           Tmut/Pois      7%         N/A       28%         3

Your spell library contained the following spells:

 Spells                   Type           Power      Damage    Failure   Level
 Ice Form                 Ice/Tmut       7%         N/A       67%         4


Dungeon Overview and Level Annotations

Branches:
Dungeon (3/15)

Altars:
Qazlal

Shops:
D:1 (


Innate Abilities, Weirdness & Mutations

You cannot wear most types of armour.
You are amphibious.
You can wear up to eight rings at the same time.
Your skin changes colour to match your surroundings (Stealth+).
Your rubbery body absorbs attacks. (AC +1, EV +1)
((You are camouflaged when in or above water. (Stealth+)))
You have tentacles for arms and can constrict up to eight enemies at once.


Message History

You bump into the rock wall.
An orc comes into view. It is wielding a +0 short sword.
You hear some strange, mumbled words.
A puff of flame appears from out of thin air!
The puff of flame hits you.
You bump into the rock wall.
The orc shouts!
You hear some strange, mumbled words.
You are more confused.
Unknown command.
You barely miss something.
Your magical contamination has completely faded away.
Something hits you.
You feel yourself speed up. Something closely misses you.
Unknown command.
You are too confused!
Unknown command.
You are too confused!
You closely miss something.
The orc priest shouts!
Something hits you.
Your transformation has ended.
Unknown command.
You bump into the rock wall.
The orc closely misses you.
You miss something. Something hits you.
Unknown command.
You miss something. The orc barely misses you. Something hits you.
* * * LOW HITPOINT WARNING * * *
You're too confused to move!
The orc closely misses you.
You feel less confused.
A magic dart appears from out of thin air!
The magic dart hits you.
* * * LOW HITPOINT WARNING * * *
Unknown command.
As you read the scroll of teleportation, it crumbles to dust.
You feel strangely unstable.
You closely miss the orc. Your grab misses the orc. The orc barely misses you.
You completely miss the orc. You grab the orc. You squeeze the orc!
You kill the orc!
Something hits you.
You die...

#.<.........>.##..........###
#...#######......#.####......
#...# #................##
#...# #...............##
##### #...o...........###
#.................#
####.#.............
###o#.........##..
#@)....########### #......#
#......# #......# ########


You could see an orc priest.

Vanquished Creatures
  Jessica (D:2)
  2 adders
  2 dart slugs (D:3)
  5 orcs (D:3)
  5 endoplasms
  A giant cockroach (D:3)
  7 goblins
  4 hobgoblins
  6 jackals
  3 quokkas
  4 bats (D:1)
  2 frilled lizards
  2 kobolds
  7 rats
51 creatures vanquished.

Notes
Turn   | Place    | Note
-------+----------+-------------------------------------------
     0 | D:1      | ytrimaz the Octopode Transmuter began the quest for the
                  | Orb.
     0 | D:1      | Reached XP level 1. HP: 13/13 MP: 3/3
   256 | D:1      | Reached XP level 2. HP: 16/18 MP: 3/5
   265 | D:1      | Learned a level 2 spell: Wereblood
   427 | D:1      | Found Arumeek's Antique Weapon Boutique.
   969 | D:1      | Reached XP level 3. HP: 22/23 MP: 6/6
   973 | D:1      | Learned a level 3 spell: Spider Form
  1579 | D:2      | Noticed Jessica
  1588 | D:2      | Killed Jessica
  1589 | D:2      | Reached XP level 4. HP: 8/29 MP: 2/8
  2662 | D:3      | Found a stormy altar of Qazlal.
  3214 | D:3      | Slain by an orc wizard

Illustrated notes

Levels and vault maps discovered:
D:1:      scummos_arrival_simple_fountains, layout_loops_cross, serial_shops,
          nicolae_square_shop
D:2:      layout_basic, amcnicky_mini_pool_small, uniq_jessica
D:3:      layout_rooms, amcnicky_altar_gilded

Skill      XL: |  1  2  3  4 |
---------------+-------------+-----
Transmutations | 3 |  3.0
Spellcasting   | 3 |  3.0
Fighting       | |  1.8
Dodging        | |  2.0
Unarmed Combat | |  3.7

Action                   |  1- 3 |  4- 6 || total
-------------------------+-------+-------++-------
Melee: Unarmed           |    63 |    56 ||   119
       Constrict         |    18 |    15 ||    33
       Tentacles         |    10 |    11 ||    21
       Kick              |     6 |    10 ||    16
       Punch             |       |     2 ||     2
 Cast: Beastly Appendage |    10 |     6 ||    16
       Wereblood         |     1 |     2 ||     3
       Spider Form       |     1 |     2 ||     3
  Use: Scroll            |     4 |     2 ||     6
       Potion            |       |     1 ||     1
 Stab: Sleeping          |     6 |     1 ||     7
Armor: Skin              |     4 |       ||     4
Dodge: Dodged            |    30 |    38 ||    68

Table legend: (Time is in decaauts)
 A = Elapsed time spent in this place.
 B = Non-inter-level travel time spent in this place.
 C = Inter-level travel time spent in this place.
 D = Time resting spent in this place.
 E = Time spent auto-exploring this place.
 F = Levels seen in this place.
 G = Mean time per level.
                   A        B        C        D        E       F      G
               +--------+--------+--------+--------+--------+-----+--------+
         Total |   3202 |   3122 |     80 |     19 |   2658 |   3 | 1067.3 |
       Dungeon |   3202 |   3122 |     80 |     19 |   2658 |   3 | 1067.3 |
               +--------+--------+--------+--------+--------+-----+--------+

Top non-repeatable levels by time:
     D:2: 1444 daAuts
     D:1: 1111 daAuts
     D:3: 646 daAuts
